 Dungeon Crawl Stone Soup version 0.19-a0-1126-g0490cf6 (webtiles) character file.

31872 Niddhogr the Impaler (level 13, -2/106 (108) HPs)
             Began as a Formicid Fighter on Aug 12, 2016.
             Was a High Priest of Okawaru.
             Killed from afar by an ogre mage (24 damage)
             ... with a bolt of lightning
             ... on level 15 of the Dungeon.
             The game lasted 01:05:26 (15178 turns).

Niddhogr the Impaler (Formicid Fighter)            Turns: 15178, Time: 01:05:26

HP:   -2/106 (108)  AC: 14    Str: 24    XL:     13   Next: 99%
MP:   17/19         EV: 10    Int: 12    God:    Okawaru [*****.]
Gold: 705           SH: 14    Dex: 12    Spells: 1 memorised, 9 levels left

rFire  + . .     SeeInvis +     X - +1 trident of Mohesog {venom, rF+ Int+2 SInv}
rCold  . . .     Gourm    .     l - +0 plate armour
rNeg   . . .     Faith    .     c - +0 shield
rPois  +         Spirit   .     (helmet unavailable)
rElec  .         Dismiss  .     J - +2 cloak
rCorr  .         Reflect  +     h - +0 pair of gloves
SustAt .         Harm     .     (no boots)
MR     +....                    a - +2 amulet of reflection
Stlth  ..........               o - +3 ring of evasion
                                C - ring of wizardry

@: finesse
A: permanent stasis, dig shafts and tunnels, four strong arms, antennae 3, beak,
hooves 1, slimy green scales 1, clumsy 1, deformed body, poison resistance,
strong 2, no device heal 1, sturdy frame 1
a: Dig, Shaft Self, Heroism, Finesse, Renounce Religion


You were on level 15 of the Dungeon.
You worshipped Okawaru.
Okawaru was extremely pleased with you.
You were hungry.

You visited 1 branch of the dungeon, and saw 14 of its levels.
You also visited: Labyrinth and Sewer.

You collected 805 gold pieces.
You spent 100 gold pieces at shops.

Inventory:

Hand Weapons
 H - a +0 bardiche of venom
 U - a +2 demon trident
 X - the +1 trident of Mohesog (weapon) {venom, rF+ Int+2 SInv}
   (You found it in a labyrinth)

   It poisons the flesh of those it strikes.
   It affects your intelligence (+2).
   It protects you from fire.
   It lets you see invisible.
Missiles
 b - a throwing net (quivered)
 E - 11 javelins
 L - 5 poisoned javelins
Armour
 c - a +0 shield (worn)
 h - a +0 pair of gloves (worn)
 l - a +0 plate armour (worn)
 r - a troll hide
 J - a +2 cloak (worn)
 T - a +0 cloak of invisibility
 Y - a +0 cloak of poison resistance
Rods
 W - a +8 rod of shadows (9/9)
   (You found it in a labyrinth)
Jewellery
 a - a +2 amulet of reflection (around neck)
 o - a +3 ring of evasion (right hand)
 C - a ring of wizardry (left hand)
 S - an uncursed ring of sustain attributes
Wands
 g - a wand of paralysis (15/24)
 F - a wand of disintegration (9/24)
 Q - a wand of slowing (33/48)
 R - a wand of lightning (10/15)
 V - a wand of acid (10/15)
Scrolls
 e - 2 scrolls of fog
 i - a scroll of remove curse
 k - 2 scrolls of noise {unknown}
 p - a scroll of blinking {unknown}
 t - 5 scrolls of magic mapping {unknown}
 v - 3 scrolls of immolation {unknown}
 x - a scroll of enchant weapon {unknown}
 y - 2 scrolls of identify
 z - 2 scrolls of amnesia {unknown}
 D - 3 scrolls of silence {unknown}
 G - a scroll of acquirement {unknown}
 N - 2 scrolls of fear {unknown}
 O - a scroll of torment {unknown}
 P - a scroll of recharging {unknown}
Potions
 d - 2 potions of might
 j - a potion of agility
 s - 2 potions of lignification
 u - a potion of cancellation {unknown}
 A - 2 potions of heal wounds
 B - 2 potions of brilliance {unknown}
 I - 3 potions of curing
 M - 2 potions of cure mutation {unknown}
Books
 K - a book of Battle

   Spells                             Type                      Level
   a - Infusion                       Charms                       1
   b - Shroud of Golubria             Charms/Translocation         2
   c - Song of Slaying                Charms                       2
   d - Spectral Weapon                Hexes/Charms                 3
   e - Regeneration                   Charms/Necromancy            3
Comestibles
 f - 10 bread rations
 m - 11 slices of pizza
 n - 3 fruits
 q - 6 beef jerkies
 w - 4 meat rations
 Z - 5 mutagenic chunks of flesh


   Skills:
 + Level 12.1 Fighting
 * Level 16.3 Polearms
 + Level 6.3 Armour
 - Level 9.1 Shields
 - Level 8.0 Invocations


You had 9 spell levels left.
You knew the following spells:

 Your Spells              Type           Power        Failure   Level  Hunger
a - Regeneration          Chrm/Necr      #.........   99%         3    ####...


Dungeon Overview and Level Annotations

Branches:
Dungeon (15/15)            Temple (0/1) D:6            Lair (0/6) D:10
    Orc (0/2) D:10         Vaults (0/5) D:13
 Depths: D:15

Altars:
Dithmenos
Hepliaklqana
Nemelex Xobeh
Okawaru
Pakellas
Qazlal
Sif Muna
Zin
The Shining One

Shops:
D:7 !   D:9 *   D:11 *   D:13 :

Portals:
Trove: D:14 (give horn of Geryon)

Annotations:
D:11 Josephine


Innate Abilities, Weirdness & Mutations

You are under a permanent stasis effect.
You can dig through walls and to a lower floor.
Your four strong arms can wield two-handed weapons with a shield.
You have a pair of large antennae on your head. (SInv)
You have a beak for a mouth.
You have large cloven feet.
You are partially covered in slimy green scales. (AC +2)
You are clumsy. (Dex -2)
Armour fits poorly on your strangely shaped body.
Your system is resistant to poisons. (rPois)
Your muscles are very strong. (Str +4)
Potions and wands are less effective at restoring your health.
Your movements are slightly less encumbered by armour. (ER -2)


Message History

Z - 5 mutagenic chunks of flesh (gained 2)
You block the orc's attack.
The ogre mage casts a spell.
The ogre mage seems to speed up.
Unknown command.
Items here: ( )) / † an antimagic spear; a shortbow; 6 arrows; a wand of slowing {zapped: 1} a centaur corpse
Items here: )) [ † a mace; a ring mail; a vampiric short sword; an orc corpse The ogre mage casts a spell at you.
The bolt of lightning hits the orc.
The orc dies!
The bolt of lightning hits you!
* * * LOW HITPOINT WARNING * * *
The ogre mage casts a spell at you. You resist with some effort.
The ogre mage casts a spell at you. The bolt of lightning hits you!
You die...

#.....# #.# #.....# #.#
#.....# #.# #.....# #.#
#.....# #.######## #.....#
#......... #.....#
#.########
#.....##########.#########
#..............@..O)o(...#
#.###################)####
#.# #{# #<# #[# { ### #{#
{ #{{....# #o{O...#
#[O....# #......#


You could see an ogre mage and an orc priest.

Vanquished Creatures
  Snorg (D:13)
  The ghost of Booris the Covert, a journeyman OpIE of Cheibriados (D:13)
  A minotaur (Lab)
  5 centaur warriors (D:13)
  Urug (D:13)
  3 unseen horrors
  2 hill giants
  An orc knight (D:13)
  10 ugly things
  A cyclops (D:13)
  A griffon (D:14)
  2 gargoyles (D:10)
  4 centaur skeletons
  3 yaktaurs (D:15)
  A komodo dragon (D:10)
  2 tengu conjurers (D:14)
  2 trolls
  4 two-headed ogres
  Prince Ribbit (D:9)
  A boulder beetle (shapeshifter) (D:14)
  2 wyverns
  3 shadows
  5 yaks
  2 wraiths
  A hog (D:8)
  2 hippogriffs
  A vampire mosquito (D:13)
  5 hungry ghosts
  17 humans
  2 mottled dragons (D:15)
  A warg (D:10)
  Edmund (D:4)
  2 water moccasins (D:13)
  2 phantoms
  9 orc warriors
  2 ice beasts
  4 sky beasts
  2 black bears
  4 ogres
  3 necrophages
  9 centaurs
  A crocodile (D:15)
  A big kobold (D:13)
  8 giant frogs
  4 jellies
  7 scorpions
  11 wights
  2 howler monkeys
  2 crimson imps (D:6)
  A giant frog skeleton (D:13)
  A giant frog zombie (D:10)
  5 hounds
  14 orc priests
  13 orc wizards
  5 iguanas
  Natasha (thrice) (D:2)
  15 worker ants
  3 sheep (D:8)
  2 hound skeletons
  3 worker ant zombies
  24 adders
  7 gnolls
  3 shadow imps
  11 oozes
  An adder skeleton (D:8)
  A worm (D:6)
  4 dart slugs
  14 giant geckos
  74 orcs
  20 ball pythons
  6 bats
  18 giant cockroaches
  10 goblins
  14 hobgoblins
  13 jackals
  6 quokkas
  13 giant newts
  11 kobolds
  A quokka zombie (D:6)
  9 rats
487 creatures vanquished.

Vanquished Creatures (others)
  A fire dragon (D:5)
  A cyclops (D:14)
  A yaktaur (D:15)
  2 yaks (D:14)
  A wasp (D:9)
  A centaur (D:13)
  A scorpion (D:14)
  A jelly (D:9)
  A worker ant (D:14)
  An orc (D:15)
  2 bushes (D:5)
  12 plants (D:10)
25 creatures vanquished.

Grand Total: 512 creatures vanquished

Notes
Turn   | Place    | Note
-------+----------+-------------------------------------------
     0 | D:1      | Niddhogr the Formicid Fighter began the quest for the Orb.
     0 | D:1      | Reached XP level 1. HP: 18/18 MP: 1/1
     6 | D:1      | Noticed a wolf
     6 | D:1      | Noticed a lindwurm
     6 | D:1      | Noticed an anaconda
     6 | D:1      | Noticed a four-headed hydra
     6 | D:1      | Noticed a crocodile
   147 | D:1      | Reached XP level 2. HP: 20/24 MP: 2/2
   198 | D:1      | Reached XP level 3. HP: 9/30 MP: 3/3
   480 | D:1      | Reached skill level 3 in Polearms
  1080 | D:2      | Reached XP level 4. HP: 37/37 MP: 4/4
  1217 | D:2      | Reached XP level 5. HP: 17/43 MP: 5/5
  1220 | D:2      | Reached skill level 4 in Polearms
  2115 | D:2      | Noticed Natasha
  2119 | D:2      | Killed Natasha
  2464 | D:2      | Noticed Natasha
  2474 | D:2      | Killed Natasha
  2474 | D:2      | Reached skill level 5 in Polearms
  2474 | D:2      | Reached XP level 6. HP: 49/49 MP: 6/6
  2726 | D:2      | Noticed Natasha
  2728 | D:2      | Killed Natasha
  2855 | D:3      | Found a deep blue altar of Sif Muna.
  2860 | D:3      | Found a glowing silver altar of Zin.
  3025 | D:3      | Reached skill level 5 in Fighting
  3117 | D:3      | Found a shadowy altar of Dithmenos.
  3164 | D:3      | Reached XP level 7. HP: 56/56 MP: 7/7
  3361 | D:4      | Reached skill level 6 in Polearms
  3489 | D:4      | Found a glowing drain.
  3536 | Sewer    | Entered a sewer
  4008 | Sewer    | Reached skill level 7 in Polearms
  4055 | Sewer    | Reached XP level 8. HP: 36/64 MP: 8/8
  4309 | D:4      | Noticed Edmund
  4319 | D:4      | Killed Edmund
  4442 | D:4      | Found an iron altar of Okawaru.
  4442 | D:4      | Found a sparkling altar of Nemelex Xobeh.
  4443 | D:4      | Found a glowing golden altar of the Shining One.
  4449 | D:4      | Became a worshipper of Warmaster Okawaru
  4464 | D:4      | Reached skill level 8 in Polearms
  4888 | D:5      | Entered Level 5 of the Dungeon
  5130 | D:5      | Found an oddly glowing altar of Pakellas.
  5131 | D:5      | Noticed a fire dragon
  5136 | D:5      | Killed a fire dragon
  5183 | D:5      | Reached * piety under Okawaru
  5183 | D:5      | Reached skill level 9 in Polearms
  5183 | D:5      | Reached XP level 9. HP: 39/72 MP: 9/9
  5948 | D:6      | Found a hazy altar of Hepliaklqana.
  5959 | D:6      | Reached skill level 10 in Polearms
  6188 | D:6      | Found a staircase to the Ecumenical Temple.
  6389 | D:7      | Reached skill level 1 in Invocations
  6397 | D:7      | Reached ** piety under Okawaru
  6956 | D:7      | Found Pyijaf's Distillery.
  6964 | D:7      | Bought a potion of degeneration for 13 gold pieces
  6964 | D:7      | Bought a potion of heal wounds for 65 gold pieces
  6970 | D:7      | Gained mutation: You have a beak for a mouth. [potion of mutation]
  6970 | D:7      | Gained mutation: You are frail. (-10% HP) [potion of mutation]
  6970 | D:7      | Gained mutation: Your spells are a little harder to cast, but a little more powerful. [potion of mutation]
  6971 | D:7      | Gained mutation: Your muscles are strong. (Str +2) [potion of mutation]
  6971 | D:7      | Gained mutation: You are clumsy. (Dex -2) [potion of mutation]
  6972 | D:7      | Gained mutation: Your mind is acute. (Int +2) [potion of mutation]
  6972 | D:7      | Lost mutation: You are frail. (-10% HP) [potion of mutation]
  6973 | D:7      | Gained mutation: Scrolls take you a little longer to read. [potion of mutation]
  6973 | D:7      | Gained mutation: Your muscles are very strong. (Str +4) [potion of mutation]
  7249 | D:8      | Reached XP level 10. HP: 46/82 MP: 11/11
  7654 | D:8      | Reached skill level 11 in Polearms
  7922 | D:8      | Reached *** piety under Okawaru
  8013 | D:8      | Gained mutation: Armour fits poorly on your strangely shaped body. [mutagenic meat]
  8300 | D:9      | Found Pataxocsu's Demolitions Depot.
  8694 | D:9      | Reached skill level 5 in Invocations
  8734 | D:9      | Found a stormy altar of Qazlal.
  8751 | D:9      | Noticed Prince Ribbit
  8771 | D:9      | Killed Prince Ribbit
  9214 | D:10     | Entered Level 10 of the Dungeon
  9277 | D:10     | Reached **** piety under Okawaru
  9277 | D:10     | Reached skill level 12 in Polearms
  9330 | D:10     | Found a staircase to the Orcish Mines.
  9367 | D:10     | Reached XP level 11. HP: 47/88 MP: 14/14
  9371 | D:10     | Reached skill level 10 in Fighting
  9445 | D:10     | Lost mutation: Your spells are a little harder to cast, but a little more powerful. [mutagenic meat]
  9474 | D:9      | Gained mutation: Your flesh is heat resistant. (rF+) [mutagenic meat]
  9477 | D:9      | Gained mutation: Your system is resistant to poisons. (rPois) [mutagenic meat]
  9810 | D:10     | Noticed a hill giant
  9820 | D:10     | Noticed an unseen horror
  9831 | D:10     | Killed a hill giant
  9945 | D:10     | Killed an unseen horror
 10024 | D:10     | Reached skill level 5 in Shields
 10512 | D:10     | Reached skill level 13 in Polearms
 10560 | D:10     | Reached ***** piety under Okawaru
 10575 | D:10     | Found a staircase to the Lair.
 10589 | D:10     | Learned a level 3 spell: Regeneration
 10716 | D:11     | Noticed an unseen horror
 10722 | D:11     | Killed an unseen horror
 10722 | D:11     | Received a gift from Okawaru
 10984 | D:11     | Found Xuzo's Assorted Antiques.
 10992 | D:11     | Bought a scroll labeled AJUNLOCKYNAG for 22 gold pieces
 11062 | D:11     | Noticed an unseen horror
 11074 | D:11     | Killed an unseen horror
 11132 | D:11     | Noticed a white ugly thing
 11142 | D:11     | Killed a white ugly thing
 11267 | D:11     | Lost mutation: Scrolls take you a little longer to read. [mutagenic meat]
 11271 | D:11     | Gained mutation: You are partially covered in slimy green scales. (AC +2) [mutagenic meat]
 11358 | D:11     | Noticed Josephine
 11372 | D:11     | You fall through a shaft for 3 floors!
 11372 | D:14     | Found a labyrinth entrance.
 11385 | D:14     | Reached XP level 12. HP: 61/97 MP: 16/16
 11407 | D:14     | Found a portal to a secret trove of treasure.
 11584 | Lab      | Entered a labyrinth
 12390 | Lab      | Noticed a minotaur
 12401 | Lab      | Killed a minotaur
 12401 | Lab      | Received a gift from Okawaru
 12401 | Lab      | Reached skill level 14 in Polearms
 12426 | Lab      | Got a dazzling trident
 12450 | Lab      | Identified the cursed +1 trident of Mohesog {venom, rF+ Int+2 SInv} (You found it in a labyrinth)
 12666 | D:14     | Lost mutation: Your flesh is heat resistant. (rF+) [mutagenic meat]
 12669 | D:14     | Gained mutation: Your movements are slightly less encumbered by armour. (ER -2) [mutagenic meat]
 12764 | D:14     | Noticed a ghost crab
 12784 | D:14     | a ghost crab changed into a boulder beetle
 12813 | D:14     | Gained mutation: You have large cloven feet. [mutagenic meat]
 13357 | D:13     | Noticed Booris's ghost (journeyman OpIE)
 13418 | D:13     | Killed Booris's ghost
 13431 | D:13     | Noticed a centaur warrior
 13467 | D:13     | Killed a centaur warrior
 13484 | D:13     | Noticed a centaur warrior
 13506 | D:13     | Killed a centaur warrior
 13512 | D:13     | Reached XP level 13. HP: 56/103 MP: 19/19
 13534 | D:13     | Reached skill level 15 in Polearms
 13787 | D:13     | Found a gate to the Vaults.
 13817 | D:13     | Lost mutation: Your mind is acute. (Int +2) [potion of mutation]
 13817 | D:13     | Gained mutation: Potions and wands are less effective at restoring your health. [potion of mutation]
 14425 | D:13     | Noticed Snorg
 14441 | D:13     | Received a gift from Okawaru
 14449 | D:13     | Killed Snorg
 14450 | D:13     | Noticed Urug
 14462 | D:13     | Killed Urug
 14647 | D:13     | Found Iruiklai's Book Boutique.
 14715 | D:13     | Noticed a centaur warrior
 14741 | D:13     | Killed a centaur warrior
 14748 | D:13     | Noticed a centaur warrior
 14760 | D:13     | Killed a centaur warrior
 14760 | D:13     | Reached skill level 5 in Armour
 14867 | D:13     | Noticed a storm dragon
 14867 | D:13     | Noticed an ettin
 14869 | D:13     | Noticed a centaur warrior
 14874 | D:13     | Noticed a sphinx
 14878 | D:13     | Killed a centaur warrior
 14881 | D:13     | You fall through a shaft for 2 floors!
 14881 | D:15     | Entered Level 15 of the Dungeon
 15018 | D:15     | Reached skill level 16 in Polearms
 15133 | D:15     | Received a gift from Okawaru
 15134 | D:15     | Noticed an ogre mage
 15178 | D:15     | Killed from afar by an ogre mage

Vault maps used:
D:1:      onia_arrival_zoo_common
D:2:      first_bread, uniq_natasha
D:3:      minitemple, old_standard_altar, minmay_misc_feat_tiny,
          hangedman_decor_peaks_small
D:4:      gammafunk_temple_overflow_claw, portal_sewer_entry_b, uniq_edmund
D:5:      gammafunk_pakellas_spire_experiment
D:6:      kennysheep_mini
D:7:      serial_shops, shop_statue, grunt_ministairs_11
D:8:      grunt_livestock, serial_bayou_pond_d
D:9:      nicolae_overflow_crystal_walls, nicolae_blasting_shop,
          uniq_prince_ribbit1
D:10:     david_lair_shrubbed, erik_orc_3
D:11:     serial_shops, shop, uniq_josephine
D:13:     minmay_glassy_protrusions, david_vaults_3, serial_shops,
          nicolae_shop_stone, uniq_snorg, uniq_urug
D:14:     nicolae_trove_entry_crystal, roderic_roman_lattice, lab_entry_generic
D:15:     hangedman_depths_entry_try_elsewhere_first, special_room, uniq_rupert
Lab:      nicolae_lab_quarters, nicolae_lab_t_cross, nicolae_lab_statue
Sewer:    sewer_frog_island_02

Skill      XL: |  1  2  3  4  5  6  7  8  9 10 11 12 13 |
---------------+----------------------------------------+-----
Polearms       | 3 5 7 9 10 12 13 14 16 | 16.3
Fighting       | 4 5 7 8 9 10 12 | 12.1
Invocations    | 2 5 8 |  8.0
Shields        | 6 8 9 |  9.1
Armour         | 6 |  6.3

Action                   |  1- 3 |  4- 6 |  7- 9 | 10-12 | 13-15 || total
-------------------------+-------+-------+-------+-------+-------++-------
Melee: Trident           |   121 |    51 |       |   715 |   400 ||  1287
       Halberd           |       |   212 |   654 |   166 |       ||  1032
       Peck              |       |       |     4 |   166 |    98 ||   268
       Kick              |       |       |       |    28 |   125 ||   153
Invok: Heroism           |       |       |       |     7 |     3 ||    10
       Finesse           |       |       |       |     4 |     2 ||     6
 Abil: Dig               |       |     1 |     1 |     1 |       ||     3
       Shaft Self        |       |       |       |     1 |     1 ||     2
Evoke: Wand              |       |       |     1 |     3 |       ||     4
  Use: Potion            |       |     1 |     5 |       |     1 ||     7
       Scroll            |       |     4 |     1 |     3 |       ||     8
 Stab: Distracted        |     1 |       |       |       |       ||     1
  Eat: Chunk             |       |     8 |    15 |    39 |     5 ||    67
       Fruit             |       |       |       |     4 |       ||     4
Armor: Scale mail        |    32 |   104 |     4 |       |       ||   140
       Plate armour      |       |       |   358 |   145 |    37 ||   540
       Skin              |       |       |     1 |       |       ||     1
Dodge: Dodged            |    22 |    59 |    96 |   100 |    45 ||   322
Block: Shield            |    52 |   157 |   407 |   305 |   110 ||  1031
       Reflection        |       |     3 |     5 |    20 |    12 ||    40
